 Dungeon Crawl Stone Soup version 0.25.1-2-g60ff931df9 (webtiles) character file.

Game seed: 6549907331604611900

86 DogServant the Ducker (level 4, 0/35 HPs)
             Began as a Merfolk Gladiator on Nov 8, 2020.
             Succumbed to an adder's poison
             ... on level 3 of the Dungeon.
             The game lasted 00:01:57 (2389 turns).

DogServant the Ducker (Merfolk Gladiator)           Turns: 2389, Time: 00:01:58

Health: 0/35       AC:  4    Str: 15    XL:     4   Next: 50%
Magic:  4/4        EV: 14    Int:  7    God:
Gold:   165        SH:  0    Dex: 15    Spells: 3/3 levels left

rFire    . . .     SeeInvis .   a - +0 long sword
rCold    . . .     Gourm    .   (no shield)
rNeg     . . .     Faith    .   b - +0 leather armour
rPois    .         Spirit   .   c - +0 helmet
rElec    .         Reflect  .   (no cloak)
rCorr    +         Harm     .   (no gloves)
MR       .....                  (no boots)
Stlth    +.........             (no amulet)
HPRegen  0.11/turn              e - ring of resist corrosion
MPRegen  0.09/turn              (no ring)

@: lethally poisoned (0 -> -10), very slightly contaminated, invisible
A: change form in water, swift swim, stealthy swim
a: no special abilities


You were on level 3 of the Dungeon.
You were not hungry.

You visited 1 branch of the dungeon, and saw 3 of its levels.

You collected 165 gold pieces.

Inventory:

Hand Weapons
 a - a +0 long sword (weapon)
Missiles
 k - 7 datura-tipped darts (quivered)
Armour
 b - a +0 leather armour (worn)
 c - a +0 helmet (worn)
Jewellery
 e - a ring of resist corrosion (left hand)
Wands
 l - a wand of flame (16)
Scrolls
 h - 2 scrolls of remove curse
 j - a scroll of blinking {unknown}
Comestibles
 f - 2 rations
 g - 3 chunks of flesh


   Skills:
 + Level 3.1 Fighting
 * Level 4.6 Long Blades
 - Level 2.0 Throwing
 + Level 4.8 Dodging


You had 3 spell levels left.
You didn't know any spells.
Your spell library was empty.

Dungeon Overview and Level Annotations

Branches:
Dungeon (3/15)

Altars:


Message History

You throw a throwing net.
The throwing net closely misses the adder.
* * * LOW HITPOINT WARNING * * *
You feel sick. The adder bites you but does no damage.
Unknown command.
It was a potion of invisibility.
You fade into invisibility!
* * * LOW HITPOINT WARNING * * *
You feel sick. The adder closely misses you. The adder barely misses you.
You are very lightly contaminated with residual magic.
Okay, then.
You hit the adder.
You kill the adder!
* * * LOW HITPOINT WARNING * * *
You feel sick.
Okay, then.
There is a lethal amount of poison in your body!
As you read the scroll labeled NUIBES YGENLU, it crumbles to dust.
You feel blessed for a moment.
It was a scroll of remove curse.
You die...

#....# #.### ###.#...
#....# .... #...
#....# ... # #...
####....######.####.#
#...
.............#.......
#...
.......).............
...>..
...............#
#.#...
#######..###.#?#
#.#.#. #######..#
#.#@# ...#.
.......<.# #.#.#
.#.#. #######..#
#.#.# #.#.#. #..#
#.#.# .... #..# #.#(#
##.###. #..# #.#.#
....... #..# #.#
#.###. #..# #(# #...
#.># ###.


There were no monsters in sight!

Vanquished Creatures
  3 adders
  2 worms (D:2)
  4 dart slugs
  A leopard gecko (D:1)
  2 ball pythons
  6 bats
  A giant cockroach (D:1)
  10 goblins
  4 hobgoblins
  3 jackals (D:2)
  2 frilled lizards
  3 kobolds
  2 rats
43 creatures vanquished.

Notes
Turn   | Place    | Note
-------+----------+-------------------------------------------
     0 | D:1      | DogServant the Merfolk Gladiator began the quest for the
                  | Orb.
     0 | D:1      | Reached XP level 1. HP: 16/16 MP: 1/1
   379 | D:1      | Reached XP level 2. HP: 23/23 MP: 2/2
   439 | D:1      | You fall into a shaft and drop 1 floor!
   620 | D:2      | Reached XP level 3. HP: 28/28 MP: 3/3
  1549 | D:2      | Reached XP level 4. HP: 31/34 MP: 4/4
  2388 | D:3      | HP: 1/35 [poisoned by an adder]
  2389 | D:3      | Succumbed to an adder's poison

Illustrated notes

Levels and vault maps discovered:
D:1:      kennysheep_arrival_seaside, layout_loops_ring
D:2:      layout_basic, minmay_box_of_dots
D:3:      layout_basic, first_ration

Skill      XL: |  1  2  3  4 |
---------------+-------------+-----
Long Blades    | 4 |  4.6
Fighting       | 3 |  3.1
Throwing       | |  2.0
Dodging        | |  4.8

Action                   |  1- 3 |  4- 6 || total
-------------------------+-------+-------++-------
Melee: Long sword        |    95 |    37 ||   132
Throw: Throwing net      |       |     3 ||     3
  Use: Scroll            |       |     1 ||     1
       Potion            |       |     1 ||     1
  Eat: Chunk             |     2 |     3 ||     5
Armor: Leather armour    |    26 |     6 ||    32
Dodge: Dodged            |    84 |    30 ||   114
       Rpst.: Long sword |    28 |     7 ||    35
